 Dungeon Crawl Stone Soup version 0.28-a0-1114-g8eb0198dcf (webtiles) character file.

Game seed: 7693744379097286642

21 Garessta the Vexing (level 2, 19/19 HPs)
             Began as a Vampire Enchanter on Dec 11, 2021.
             Was a Follower of Nemelex Xobeh.
             Quit the game on level 2 of the Dungeon.
             The game lasted 00:01:25 (624 turns).

Garessta the Vexing (Vampire Enchanter)              Turns: 624, Time: 00:01:26

Health: 19/19      AC:  2    Str:  7    XL:     2   Next: 62%
Magic:  5/5        EV: 12    Int: 17    God:    Nemelex Xobeh [*.....]
Gold:   55         SH:  0    Dex: 14    Spells: 3/5 levels left

rFire   . . .      SeeInvis +   a - +1 dagger
rCold   . . .      Faith    .   (no shield)
rNeg    . . .      Spirit   .   b - +0 robe
rPois   .          Reflect  .   (no helmet)
rElec   .          Harm     .   (no cloak)
rCorr   .          Rampage  .   (no gloves)
Will    .....                   (no boots)
Stlth   +++.......              (no amulet)
HPRegen 0.26/turn               (no ring)
MPRegen 0.09/turn               (no ring)

@: healing quickly
A: alive, fangs 3, see invisible, vampiric 1
a: Exsanguinate, Renounce Religion, Draw Escape, Draw Destruction, Draw
Summoning


You were on level 2 of the Dungeon.
You worshipped Nemelex Xobeh.
Nemelex Xobeh was aware of your devotion.
You visited 1 branch of the dungeon, and saw 2 of its levels.

You collected 55 gold pieces.

Inventory:

Hand Weapons
 a - a +1 dagger (weapon)
Armour
 b - a +0 robe (worn)
Scrolls
 d - a scroll of fog {unknown}
 e - a scroll of brand weapon {unknown}
Potions
 c - a potion of invisibility


   Skills:
 - Level 1.5 Short Blades
 - Level 2.4 Dodging
 + Level 4.8 Stealth
 - Level 2.1 Spellcasting
 * Level 4.8 Hexes


You had 3 spell levels left.
You knew the following spells:

 Your Spells              Type           Power      Damage    Failure   Level
a - Ensorcelled Hibernat  Hex/Ice        20%        N/A       11%         2

Your spell library contained the following spells:

 Spells                   Type           Power      Damage    Failure   Level
 Confusing Touch          Hex            18%        N/A       8%          3
 Tukima's Dance           Hex            18%        N/A       8%          3
 Dazzling Flash           Conj/Hex       20%        N/A       22%         3
 Gell's Gravitas          Tloc           1%         N/A       50%         3
 Lesser Beckoning         Tloc           1%         N/A       50%         3
 Teleport Other           Tloc           1%         N/A       50%         3


Dungeon Overview and Level Annotations

Branches:
Dungeon (2/15)

Altars:
Nemelex Xobeh


Innate Abilities, Weirdness & Mutations

Your natural rate of healing is accelerated.
You have razor-sharp teeth.
You have supernaturally acute eyesight. (SInv)
You are afflicted with vampirism.


Message History

The helpless rat fails to defend itself.
You puncture the rat!
You kill the rat!
The helpless quokka fails to defend itself.
You impale the quokka!!
You kill the quokka!
Things that are here:
a +0 dagger; a kobold corpse You see here a rat corpse.
A goblin comes into view. It is wielding a +0 dagger.
A goblin is nearby!
A goblin is nearby!
A goblin is nearby!
The goblin shouts!
The goblin hits you with a +0 dagger.
You closely miss the goblin. The goblin hits you with a +0 dagger.
You hit the goblin.
You kill the goblin!
No target in view!
You see here a +0 dagger.
Done exploring.
Done exploring.
Done exploring.
Done exploring.
You see here a +0 dagger.
You see here 23 stones.
There is a stone staircase leading down here.
You climb downwards.
Found 16 stones.
Found a faded altar of an unknown god.
Found two stone staircases leading up.
There is a stone staircase leading up here.
There is a faded altar of an unknown god here.
You cannot tell which god this altar belongs to.
Convert to them anyway?
Nemelex Xobeh accepts your prayer! Nemelex Xobeh welcomes you!
You can now draw from decks of power.
Nemelex will now gift you decks of power as you gain piety.
Nemelex Xobeh deals you some cards!
You now have 3 escape cards, 3 destruction cards and 6 summoning cards.
Are you sure you want to abandon this character and quit the game? (Confirm with "yes".)

## # ####. ..
....#######
...
#..#...(.#...
.....<....
#.#...#.#
#...@...#
#.<...<.#
#...#...#
##.....##
###.### .w
... ####


There were no monsters in sight!

Vanquished Creatures
  2 dart slugs (D:1)
  3 ball pythons (D:1)
  An endoplasm (D:1)
  3 goblins (D:1)
  A quokka (D:1)
  A frilled lizard (D:1)
  3 kobolds (D:1)
  3 rats (D:1)
17 creatures vanquished.

Notes
Turn   | Place    | Note
-------+----------+-------------------------------------------
     0 | D:1      | Garessta the Vampire Enchanter began the quest for the Orb.
     0 | D:1      | Reached XP level 1. HP: 13/13 MP: 3/3
   173 | D:1      | Reached XP level 2. HP: 19/19 MP: 5/5
   176 | D:1      | Learned a level 2 spell: Ensorcelled Hibernation
   620 | D:2      | Found a faded altar of an unknown god.
   623 | D:2      | Prayed at the altar of an unknown god.
   623 | D:2      | Became a worshipper of Nemelex Xobeh the Trickster
   623 | D:2      | Reached * piety under Nemelex Xobeh
   623 | D:2      | Received a gift from Nemelex Xobeh
   624 | D:2      | Quit the game

Illustrated notes

Levels and vault maps discovered:
D:1:      minmay_arrival_open_corners, layout_basic
D:2:      layout_basic, nicolae_ecumenical_pavilion

Action                   || total
-------------------------++-------
Melee: Dagger            ||    38
       Bite              ||     2
 Cast: Ensorcelled Hiber ||     2
 Stab: Sleeping          ||     8
Armor: Robe              ||     3
Dodge: Dodged            ||    14

Table legend: (Time is in decaauts)
 A = Elapsed time spent in this place.
 B = Non-inter-level travel time spent in this place.
 C = Inter-level travel time spent in this place.
 D = Time resting spent in this place.
 E = Time spent auto-exploring this place.
 F = Levels seen in this place.
 G = Mean time per level.
                   A        B        C        D        E       F      G
               +--------+--------+--------+--------+--------+-----+--------+
         Total |    621 |    598 |     23 |      8 |    473 |   2 |  310.5 |
       Dungeon |    621 |    598 |     23 |      8 |    473 |   2 |  310.5 |
               +--------+--------+--------+--------+--------+-----+--------+

Top non-repeatable levels by time:
     D:1: 617 daAuts
     D:2: 3 daAuts
